 Dungeon Crawl Stone Soup version 0.31-a0-187-gba352fbbf7 (webtiles) character file.

Game seed: 12585145666020058480

928 qw the Skirmisher (level 7, -4/35 (40) HPs)
             Began as a Deep Elf Hunter on June 22, 2023.
             Was a Follower of Okawaru.
             Slain by a wight
             ... wielding a +0 great sword
              (7 damage)
             ... on level 6 of the Dungeon.
             The game lasted 00:03:23 (4863 turns).

qw the Skirmisher (Deep Elf Hunter)                 Turns: 4863, Time: 00:03:23

HP:   -4/35 (40)    AC:  7    Str: 10    XL:     7   Next: 85%
MP:   10/10         EV: 11    Int: 17    God:    Okawaru [*.....]
Gold: 277           SH:  0    Dex: 18    Spells: 6/6 levels left

rFire   . . .        Y - +0 shortbow
rCold   + . .        (shield currently unavailable)
rNeg    . . .        f - +0 ring mail
rPois   +            d - +0 helmet
rElec   .            (no cloak)
rCorr   .            i - +0 pair of gloves
SInv    +            (no boots)
Will    .....        (no amulet)
Stlth   +            n - ring of see invisible
HPRegen 0.25/turn    a - ring of Anuckeng {rPois rC+ Int+3}
MPRegen 0.12/turn

%: clarity
@: heavily drained
A: clarity, MP-powered wands
a: Renounce Religion, Heroism


You were on level 6 of the Dungeon.
You worshipped Okawaru.
Okawaru was aware of your devotion.
You visited 1 branch of the dungeon, and saw 6 of its levels.

You collected 277 gold pieces.


Innate Abilities, Weirdness & Mutations

You possess an exceptional clarity of mind.
You expend magic power (3 MP) to strengthen your wands.


   Skills:
 - Level 2.0 Fighting
 + Level 11.8 Ranged Weapons
 - Level 1.1 Armour
 - Level 3.5 Dodging
 - Level 1.2 Stealth
 + Level 1.8 Invocations


You had 6 spell levels left.
You didn't know any spells.
Your spell library was empty.

Inventory:

Hand Weapons
 Y - a +0 shortbow (weapon)
Armour
 d - a +0 helmet (worn)
 f - a +0 ring mail (worn)
 i - a +0 pair of gloves (worn)
Jewellery
 a - the ring of Anuckeng (right hand) {rPois rC+ Int+3}
   (You found it on level 2 of the Dungeon)

   [ring of poison resistance]

   Int:       It affects your intelligence (+3).
   rC:        It protects you from cold.
   rPois:     It protects you from poison.
 h - a ring of protection from fire
 n - a ring of see invisible (left hand)
Scrolls
 g - 3 scrolls of teleportation
 l - 2 scrolls of identify
Potions
 c - a potion of might
 m - a potion of mutation

Dungeon Overview and Level Annotations

Branches:
Dungeon (6/15)
 Temple: D:4-7

Altars:
Cheibriados
Okawaru
Ru
Sif Muna

Annotations:
D:3 1 runed translucent door, Crazy Yiuf


Message History

4835 ||| DRINKING 2 lumpy white potions.
It was a potion of curing.
You feel better.
Done exploring.
4836 ||| DRINKING 2 fuming silvery potions.
It was a potion of ambrosia.
You are confused.
You feel invigorated.
4837 ||| DRINKING potion of curing.
You feel better.
4837 ||| (to cure confusion)
You feel less invigorated.
Done exploring.
4838 ||| READING 3 scrolls of identify.
As you read the scroll of identify, it crumbles to dust.
c - a potion of might;
4838 ||| IDENTIFYING emerald potion Done exploring.
4839 ||| DROPPING potion of ambrosia.
You drop a potion of ambrosia.
Done exploring.
(D) Dungeon
Where to? (* - list waypoints, Enter - D:5, ? - help)
What level of the Dungeon? (default 1, ? - help)
There is a stone staircase leading down here.
You climb downwards.
Found 17 gold pieces and a scroll of teleportation.
There is a stone staircase leading up here.
There are monsters nearby!
Waypoint 5 assigned to D:6.
You shoot an arrow.
The arrow hits the wight but does no damage.
The wight misses you.
You shoot an arrow. The arrow closely misses the wight.
You shoot an arrow.
The arrow hits the wight but does no damage.
The wight hits you with a +2 scimitar.
You feel drained. The wight hits you with a +0 falchion!
You feel drained.
The wight hits you with a +4 hand axe of freezing!
You feel drained.
4863 ||| STAIRDANCE The wight hits you with a +0 dire flail!
You feel drained.
The wight hits you with a +0 great sword!
You die...

########
#..?...#
#......#
#..zz..#
+..@z..#
#..zz..#
#......#
########


You could see 5 wights.

Vanquished Creatures
  An ice beast (D:5)
  A black bear (D:5)
  3 ogres
  A scorpion (D:5)
  A hound (D:4)
  2 sleepcaps
  Jessica (D:2)
  An iguana (D:5)
  Ijyb (D:5)
  Natasha (thrice) (D:3)
  4 gnolls
  8 adders
  A white imp (D:5)
  2 ufetubi
  2 dart slugs (D:1)
  3 orcs
  6 endoplasms
  4 giant cockroaches
  8 goblins
  8 hobgoblins
  5 kobolds
  2 quokkas
  3 ball pythons
  2 frilled lizards
  6 rats
79 creatures vanquished.

Notes
Turn   | Place    | Note
-------+----------+-------------------------------------------
     0 | D:1      | qw the Deep Elf Hunter began the quest for the Orb.
     0 | D:1      | Reached XP level 1. HP: 12/12 MP: 3/3
     0 | D:1      | 0 ||| qw: Version: 0.3-a-9-g12657ce
     0 | D:1      | 0 ||| qw: Game counter: 2058
     0 | D:1      | 0 ||| qw: Always use a shield: true
     0 | D:1      | 0 ||| qw: God list: Okawaru
     0 | D:1      | 0 ||| qw: Allow faded altars: false
     0 | D:1      | 0 ||| qw: Do Orc after D:15 true
     0 | D:1      | 0 ||| qw: Do second Lair branch before Depths: true
     0 | D:1      | 0 ||| qw: Lair rune preference: random
     0 | D:1      | 0 ||| qw: Plans: Normal
     0 | D:1      | 0 ||| PLANNING D:1-11
    83 | D:1      | Reached skill level 6 in Ranged Weapons
    83 | D:1      | Reached XP level 2. HP: 16/16 MP: 4/4
   225 | D:1      | 225 ||| FLEEEEING.
   226 | D:1      | 226 ||| FLEEEEING.
   227 | D:1      | 227 ||| FLEEEEING.
   249 | D:1      | 249 ||| FLEEEEING.
   661 | D:1      | 661 ||| UPGRADING to +0 ring mail.
   671 | D:1      | 671 ||| DROPPING +0 leather armour.
   672 | D:1      | 672 ||| UPGRADING to +0 pair of gloves.
   677 | D:1      | 677 ||| UPGRADING to ring of protection from fire.
   678 | D:1      | 678 ||| READING scroll labelled SUL VEAQENONUELA.
   682 | D:1      | 682 ||| DRINKING 2 viscous dark potions.
   786 | D:1      | 786 ||| DROPPING scroll of butterflies.
   787 | D:1      | 787 ||| DROPPING potion of berserk rage.
   817 | D:2      | Reached XP level 3. HP: 14/20 MP: 5/5
   901 | D:2      | Identified the ring of Anuckeng {rPois rC+ Int+3}
   985 | D:2      | Reached skill level 7 in Ranged Weapons
  1055 | D:2      | Noticed Jessica
  1057 | D:2      | Killed Jessica
  1058 | D:2      | Reached XP level 4. HP: 25/25 MP: 6/6
  1442 | D:2      | 1442 ||| UPGRADING to +0 helmet.
  1447 | D:2      | 1447 ||| UPGRADING to ring of Anuckeng {rPois rC+ Int+3}.
  1448 | D:2      | 1448 ||| READING scroll labelled XERIJE SIQUECH.
  1449 | D:2      | 1449 ||| READING scroll labelled GAF BOLAST.
  1450 | D:2      | 1450 ||| DRINKING 2 grey potions.
  1450 | D:2      | Gained mutation: You do not regenerate when monsters are
                  | visible. [potion of mutation]
  1450 | D:2      | Gained mutation: You expend magic power (3 MP) to
                  | strengthen your wands. [potion of mutation]
  1451 | D:2      | 1451 ||| DRINKING potion of mutation.
  1451 | D:2      | Lost mutation: You expend magic power (3 MP) to strengthen
                  | your wands. [potion of mutation]
  1451 | D:2      | Lost mutation: You do not regenerate when monsters are
                  | visible. [potion of mutation]
  1451 | D:2      | Gained mutation: You possess an exceptional clarity of
                  | mind. [potion of mutation]
  1451 | D:2      | Gained mutation: You expend magic power (3 MP) to
                  | strengthen your wands. [potion of mutation]
  1494 | D:3      | Reached skill level 8 in Ranged Weapons
  1536 | D:3      | Noticed Natasha
  1544 | D:3      | Killed Natasha
  1626 | D:3      | Noticed Natasha
  1632 | D:3      | Killed Natasha
  1633 | D:3      | Reached XP level 5. HP: 29/29 MP: 7/7
  1867 | D:3      | Found an iron altar of Okawaru.
  1868 | D:3      | 1868 ||| PLANNING OKAWARU WORSHIP
  1868 | D:3      | 1868 ||| READING 2 scrolls labelled VACAIRGHUWO.
  1869 | D:3      | 1869 ||| READING scroll labelled WOROUTZ HEDUK.
  1922 | D:3      | 1922 ||| READING scroll labelled AGODOS ZEACEPEWK.
  1923 | D:3      | 1923 ||| DRINKING 2 black potions.
  1924 | D:3      | 1924 ||| DROPPING potion of degeneration.
  1925 | D:3      | 1925 ||| DROPPING scroll of amnesia.
  1933 | D:3      | Became a worshipper of Warmaster Okawaru
  1934 | D:3      | 1934 ||| PLANNING D:1-11
  1992 | D:3      | Found a runed translucent door.
  1993 | D:3      | Noticed Crazy Yiuf
  2160 | D:3      | Noticed Natasha
  2165 | D:3      | Killed Natasha
  2166 | D:3      | Reached skill level 9 in Ranged Weapons
  3289 | D:3      | 3289 ||| Stepping randomly (stuck).
  3341 | D:4      | 3341 ||| STAIRDANCE
  3539 | D:4      | Reached skill level 1 in Armour
  3685 | D:4      | Reached XP level 6. HP: 35/35 MP: 8/8
  3916 | D:4      | Reached skill level 10 in Ranged Weapons
  4012 | D:4      | 4012 ||| UPGRADING to ring of see invisible.
  4014 | D:4      | 4014 ||| READING 3 scrolls labelled IGOACHYDIRR.
  4015 | D:4      | 4015 ||| READING scroll labelled LAAXUG GUNTIW.
  4016 | D:4      | 4016 ||| DROPPING 2 scrolls of vulnerability.
  4030 | D:5      | Entered Level 5 of the Dungeon
  4062 | D:5      | Reached skill level 3 in Dodging
  4084 | D:5      | Found a shimmering blue altar of Sif Muna.
  4084 | D:5      | Found a snail-covered altar of Cheibriados.
  4084 | D:5      | Found a sacrificial altar of Ru.
  4092 | D:5      | Reached * piety under Okawaru
  4093 | D:5      | Reached XP level 7. HP: 34/40 MP: 9/9
  4093 | D:5      | 4093 ||| FLEEEEING.
  4094 | D:5      | 4094 ||| FLEEEEING.
  4097 | D:5      | 4097 ||| FLEEEEING.
  4098 | D:5      | 4098 ||| FLEEEEING.
  4099 | D:5      | 4099 ||| FLEEEEING.
  4100 | D:5      | 4100 ||| FLEEEEING.
  4101 | D:5      | 4101 ||| FLEEEEING.
  4114 | D:5      | 4114 ||| INVOKING Heroism.
  4261 | D:5      | 4261 ||| INVOKING Heroism.
  4333 | D:5      | Noticed Ijyb
  4343 | D:5      | Killed Ijyb
  4449 | D:5      | Reached skill level 11 in Ranged Weapons
  4659 | D:5      | 4659 ||| INVOKING Heroism.
  4661 | D:5      | Reached skill level 1 in Invocations
  4834 | D:5      | 4834 ||| READING scroll labelled POJIRY EPHY.
  4835 | D:5      | 4835 ||| DRINKING 2 lumpy white potions.
  4836 | D:5      | 4836 ||| DRINKING 2 fuming silvery potions.
  4837 | D:5      | 4837 ||| DRINKING potion of curing.
  4837 | D:5      | 4837 ||| (to cure confusion)
  4838 | D:5      | 4838 ||| READING 3 scrolls of identify.
  4838 | D:5      | 4838 ||| IDENTIFYING emerald potion
  4839 | D:5      | 4839 ||| DROPPING potion of ambrosia.
  4863 | D:6      | 4863 ||| STAIRDANCE
  4863 | D:6      | HP: 8/37 [wight/+0 dire flail (11)]
  4863 | D:6      | HP: 3/35 [wight/+0 dire flail (5)]
  4863 | D:6      | Slain by a wight

Levels and vault maps discovered:
D:1:      matt_arrival_diagonals, layout_basic
D:2:      layout_basic, minmay_indecisive_spiral, uniq_jessica
D:3:      layout_rooms, okawaru_altar_gauntlet_db, serial_forest,
          infiniplex_forest_straight_2, infiniplex_forest_lined_corner,
          infiniplex_forest_lined_4_way, infiniplex_forest_end_1,
          infiniplex_forest_corner_1, infiniplex_forest_straight_4,
          infiniplex_forest_split, uniq_crazy_yiuf_cottage, uniq_natasha
D:4:      layout_cave_pools
D:5:      layout_rooms, chequers_temple_overflow_statue_of_worship,
          minivault_19, uniq_ijyb
D:6:      layout_basic, lemuel_round_altar, nicolae_dithmenos_shadow_blocks,
          minmay_temple_entry_purple_smoke

Skill      XL: |  1  2  3  4  5  6  7 |
---------------+----------------------+-----
Ranged Weapons | 6 7 8 9 10 11 | 11.8
Fighting       | 2 |  2.0
Armour         | 1 |  1.1
Dodging        | 3 |  3.5
Invocations    | 1 |  1.8
Stealth        | |  1.2

Action                     |  1- 3 |  4- 6 |  7- 9 || total
---------------------------+-------+-------+-------++-------
   Fire: Shortbow          |   102 |   621 |    69 ||   792
 Invoke: Heroism           |       |       |     3 ||     3
    Use: Scroll            |     1 |     7 |     2 ||    10
         Potion            |     1 |     3 |     3 ||     7
 Armour: Leather armour    |     4 |       |       ||     4
         Ring mail         |     5 |    41 |     7 ||    53
  Dodge: Dodged            |    25 |    74 |    16 ||   115

Table legend:
 A = Non-vault XP
 B = Vault XP
 C = Vault XP percentage of total XP
 D = Non-vault monster count
 E = Vault monster count
 F = Vault count percentage of total count
                 A         B        C        D         E       F
            +---------+---------+-------+---------+---------+-------
      Total |    1187 |     139 |  10.5 |      66 |      13 |  16.5
            +---------+---------+-------+---------+---------+-------
        D:1 |      38 |       0 |   0.0 |      20 |       0 |   0.0
        D:2 |      54 |      45 |  45.5 |      13 |       5 |  27.8
        D:3 |     113 |      58 |  33.9 |      10 |       7 |  41.2
        D:4 |     278 |       0 |   0.0 |      12 |       0 |   0.0
        D:5 |     704 |      36 |   4.9 |      11 |       1 |   8.3
            +---------+---------+-------+---------+---------+-------
